 Dungeon Crawl Stone Soup version 0.31.0-2-g5a2aebc5c2 (webtiles) character file.

Game seed: 236275131476574980

12483 olmar the Geomancer (level 11, -16/54 HPs)
             Began as a Gargoyle Earth Elementalist on Jan 21, 2024.
             Was an Initiate of Gozag.
             Demolished by a two-headed ogre
             ... wielding a +0 giant club
              (20 damage)
             ... on level 10 of the Dungeon.
             The game lasted 00:18:54 (13682 turns).

olmar the Geomancer (Gargoyle Earth Elementalist)  Turns: 13682, Time: 00:18:54

Health: -16/54     AC: 13    Str: 11    XL:     11   Next: 94%
Magic:  43/44      EV: 12    Int: 21    God:    Gozag
Gold:   1095       SH:  0    Dex: 10    Spells: 17/32 levels left

rFire   . . .        d - +2 dagger (flame)
rCold   . . .        q - orb {light}
rNeg    + . .        a - +0 robe
rPois   ∞            w - +0 helmet
rElec   +            g - +0 cloak
rCorr   .            k - +0 pair of gloves
SInv    .            (no boots)
Will    .....        x - amulet of magic regeneration
Stlth   +            l - ring of magical power
HPRegen 0.29/turn    j - ring of magical power
MPRegen 0.69/turn

%: no passive effects
@: glowing
A: sickness immunity, AC +8, negative energy resistance 1, electricity
resistance, torment resistance 1, petrification resistance
a: Renounce Religion, Potion Petition, Call Merchant, Bribe Branch


You were on level 10 of the Dungeon.
You worshipped Gozag.
Gozag was most pleased with you.
You visited 2 branches of the dungeon, and saw 11 of its levels.
You also visited: Sewer.

You collected 1237 gold pieces.
You paid 142 gold pieces to Gozag.

Inventory:

Hand Weapons
 d - a +2 dagger of flaming (weapon)
Missiles
 n - 6 boomerangs
 r - 36 poisoned darts
 D - 2 curare-tipped darts
 F - 5 throwing nets
Armour
 a - a +0 robe (worn)
 g - a +0 cloak (worn)
 k - a +0 pair of gloves (worn)
 q - an orb of light (worn)
 w - a +0 helmet (worn)
Jewellery
 f - a ring of see invisible
 j - a ring of magical power (right hand)
 l - a ring of magical power (left hand)
 o - a ring of fire
 x - an amulet of magic regeneration (around neck)
 Q - a ring of positive energy
Wands
 u - a wand of charming (18)
 G - a wand of flame (20)
 M - a wand of iceblast (8)
Scrolls
 e - 4 scrolls of enchant armour
 h - 2 scrolls of noise
 p - 5 scrolls of teleportation
 v - a scroll of brand weapon
 B - 4 scrolls of identify
 I - a scroll of revelation
 J - a scroll of acquirement {unknown}
 L - a scroll of summoning
 O - a scroll of fog {unknown}
 P - 2 scrolls of immolation
 R - a scroll of amnesia
 S - 2 scrolls of fear
Potions
 b - a potion of magic
 c - 2 potions of invisibility
 i - a potion of heal wounds
 m - 2 potions of might
 s - 2 potions of attraction
 t - a potion of mutation
 z - 3 potions of enlightenment
 A - 2 potions of curing
 C - 2 potions of ambrosia
 E - 3 potions of brilliance {unknown}
 H - a potion of lignification {unknown}
 K - a potion of berserk rage {unknown}
Miscellaneous
 N - a box of beasts


   Skills:
 - Level 0.7 Short Blades
 + Level 0.6 Throwing
 - Level 1.7 Dodging
 - Level 2.1 Stealth
 + Level 11.4 Spellcasting
 + Level 9.3 Conjurations
 + Level 13.8 Earth Magic


You had 17 spell levels left.
You knew the following spells:

 Your Spells              Type           Power      Damage    Failure   Level
a - Sandblast             Erth           100%       2d20      1%          1
b - Stone Arrow           Conj/Erth      100%       3d13      1%          3
c - Passwall              Erth           63%        N/A       1%          3
d - Petrify               Alch/Erth      41%        N/A       3%          4
e - Brom's Barrelling Bo  Conj/Erth      57%        2d7       1%          4

Your spell library contained the following spells:

 Spells                   Type           Power      Damage    Failure   Level
 Dazzling Flash           Conj/Hex       62%        N/A       2%          3
 Mephitic Cloud           Conj/Alch/Air  25%        N/A       4%          3
 Iskenderun's Mystic Bla  Conj/Tloc      31%        2d8       9%          4
 Sigil of Binding         Hex            12%        N/A       17%         3
 Tukima's Dance           Hex            12%        N/A       17%         3
 Volatile Blastmotes      Fire/Tloc      24%        2d12      17%         3
 Anguish                  Hex/Necr       6%         N/A       50%         4
 Cause Fear               Hex            6%         N/A       50%         4
 Dimensional Bullseye     Hex/Tloc       6%         N/A       50%         4
 Summon Blazeheart Golem  Fire/Summ      12%        N/A       50%         4
 Orb of Destruction       Conj           25%        9d9       71%         7
 Starburst                Conj/Fire      15%        6d6       77%         6
 Yara's Violent Unravell  Hex/Alch       6%         3d5       83%         5
 Enfeeble                 Hex            6%         N/A       100%        7
 Spellforged Servitor     Conj/Summ      15%        N/A       100%        7
 Maxwell's Capacitive Co  Air            6%         ∞         100%        8


Dungeon Overview and Level Annotations

Branches:
Dungeon (10/15)            Temple (1/1) D:4            Lair (0/5) D:9
    Orc (0/2) D:10          Sewer (visited)

Altars:
Ashenzari
Cheibriados
Dithmenos
Elyvilon
Fedhas
Gozag
Hepliaklqana
Kikubaaqudgha
Makhleb
Nemelex Xobeh
Okawaru
Qazlal
Ru
Sif Muna
Trog
Uskayaw
Vehumet
Wu Jian
Xom
Yredelemnul
Zin
The Shining One

Annotations:
D:2 1 runed translucent door, Crazy Yiuf
D:7 Maggie


Innate Abilities, Weirdness & Mutations

You are immune to sickness and miasma.
Your stone body is resilient. (AC +8)
You are immune to poison.
You resist negative energy. (rN+)
You are resistant to electric shocks. (rElec)
You are resistant to unholy torment.
You are immune to petrification.


Message History

You now have 1095 gold pieces (gained 4).
An orc knight and a freezing wraith come into view.
Found a whip and a potion of enlightenment.
The orc knight shouts!
An orc warrior comes into view. It is wielding a +0 long sword.
There are monsters nearby!
The stone arrow hits the freezing wraith!
The freezing wraith is moderately damaged.
The orc knight roars a battlecry!
The orc warrior goes into a battle-frenzy!
The freezing wraith hits you! The freezing wraith freezes you!!
The freezing wraith barely misses you.
You hear a hideous shriek!
You hear two shouts!
Okay, then.
Casting: Stone Arrow (safe; 1% risk of failure)
Confirm with . or Enter, or press ? or * to list all spells.
Okay, then.
Aiming: Charm
Press: ? - help, Shift-Dir - straight line, f/p - freezing wraith
Aim: a freezing wraith (moderately damaged, haloed, chance to affect: 31%)
The freezing wraith easily resists.
You hear a shout!
The freezing wraith hits you. The freezing wraith freezes you!
* * * LOW HITPOINT WARNING * * *
The freezing wraith hits you.
* * * LOW HITPOINT WARNING * * *
A wraith comes into view.
Okay, then.
Okay, then.
Blink to where?
Press: ? - help, Dir - move target, p - freezing wraith A two-headed ogre comes into view.
It is wielding two +0 giant clubs.
Found a scroll labelled ETUNEA WEREOL and a book of Dreams.
As you read the scroll of blinking, it crumbles to dust.
The two-headed ogre shouts in stereo!
A gnoll bouda comes into view. It is wielding a +0 club.
The two-headed ogre misses you.
The two-headed ogre hits you with a +0 giant club!!
You die...
Your body crumbles into a pile of gold.

<.....## g. #.#.### #
#.# #.#.# # ..: #.#.##
# W# #?# ####....# ###
.o ...#####......#.#
#.. !#
#.#...#####....###.# ).
#.O.#.#............#
.### #@#.#.#...........
..#...#.#.#.#.#.###..#
##W#.###...#.#.#.# #...
#.§..#...#.#.#.#.# #.##
#.####.###.#.#.#.###.##
#......# #.#.#.....#.##
########.##
#.#.###>#.#.##
.........# #.#.#
#.....## #######.##
#.#.###.###.##


You could see a two-headed ogre and a gnoll bouda.

Vanquished Creatures
  3 two-headed ogres
  Maurice (D:7)
  An unseen horror (D:10)
  Prince Ribbit (D:7)
  19 yaks
  A vampire (D:10)
  Menkaure (D:4)
  A steam dragon (D:6)
  3 wargs (D:10)
  Grum (D:8)
  3 vampire mosquitoes (D:10)
  An acid dragon (D:8)
  A water moccasin (D:9)
  5 ice beasts
  5 orc warriors
  4 black bears
  4 wolves (D:8)
  3 ogres
  3 centaurs
  5 kobold brigands
  4 phantoms
  4 bullfrogs
  2 brain worms (Sewer)
  2 gnoll sergeants
  2 scorpions
  17 wights
  A howler monkey (D:9)
  2 bombardier beetles
  4 hounds
  2 orc priests
  2 gnoll boudas
  4 jellies
  An iguana (D:6)
  A sleepcap (D:4)
  9 orc wizards
  Robin (D:4)
  27 gnolls
  9 adders
  4 river rats (Sewer)
  2 shadow imps
  3 white imps
  4 ufetubi
  A dart slug (D:1)
  A ribbon worm (D:4)
  35 orcs
  10 ball pythons
  6 endoplasms
  4 giant cockroaches
  7 goblins
  13 hobgoblins
  5 jackals
  18 kobolds
  8 quokkas
  6 bats
  7 frilled lizards
  6 rats
300 creatures vanquished.

Vanquished Creatures (collateral kills)
  2 wights (D:6)
  2 adders (D:6)
  A gnoll (D:6)
  8 boulders
13 creatures vanquished.

Vanquished Creatures (others)
  A scorpion (D:6)
  A wight (D:6)
  A sleepcap (D:6)
  2 orcs (D:6)
  8 boulders
13 creatures vanquished.

Grand Total: 326 creatures vanquished

Notes
Turn   | Place    | Note
-------+----------+-------------------------------------------
     0 | D:1      | olmar the Gargoyle Earth Elementalist began the quest for
                  | the Orb.
     0 | D:1      | Reached XP level 1. HP: 10/10 MP: 3/3
   224 | D:1      | Reached skill level 4 in Earth Magic
   240 | D:1      | Reached XP level 2. HP: 12/15 MP: 3/5
   358 | D:1      | Found a faded altar of an unknown god.
  1036 | D:2      | Reached XP level 3. HP: 19/19 MP: 3/6
  1191 | D:2      | Learned a level 3 spell: Stone Arrow
  1839 | D:1      | Reached skill level 5 in Earth Magic
  1896 | D:2      | Reached XP level 4. HP: 24/24 MP: 8/8
  2343 | D:2      | Found a runed translucent door.
  2344 | D:2      | Noticed Crazy Yiuf
  2351 | D:2      | Learned a level 3 spell: Passwall
  2519 | D:3      | Reached XP level 5. HP: 25/28 MP: 10/10
  2578 | D:3      | You fall into a shaft and drop 2 floors!
  2578 | D:5      | Entered Level 5 of the Dungeon
  2599 | D:5      | Learned a level 4 spell: Petrify
  2604 | D:5      | Noticed a phantom
  2613 | D:5      | Killed a phantom
  2614 | D:5      | Reached skill level 6 in Earth Magic
  2614 | D:5      | Reached XP level 6. HP: 30/32 MP: 11/12
  3420 | D:4      | Noticed Robin
  3875 | D:4      | Found a staircase to the Ecumenical Temple.
  3889 | Temple   | Entered the Ecumenical Temple
  3943 | D:4      | Noticed a black bear
  3951 | D:4      | Killed Robin
  3972 | D:4      | Killed a black bear
  3989 | D:4      | Noticed Menkaure
  3996 | D:4      | Killed Menkaure
  3997 | D:4      | Reached skill level 5 in Spellcasting
  3997 | D:4      | Reached skill level 7 in Earth Magic
  3997 | D:4      | Reached XP level 7. HP: 31/36 MP: 12/14
  4660 | D:5      | Learned a level 4 spell: Brom's Barrelling Boulder
  4765 | D:5      | Reached skill level 8 in Earth Magic
  4765 | D:5      | Reached XP level 8. HP: 33/41 MP: 17/17
  5737 | D:6      | Reached skill level 9 in Earth Magic
  5794 | D:6      | Reached XP level 9. HP: 32/45 MP: 5/20
  5948 | D:6      | Found a glowing drain.
  5959 | Sewer    | Entered a sewer
  6486 | Sewer    | Reached skill level 10 in Earth Magic
  8321 | D:7      | Noticed Maurice
  8324 | D:7      | Killed Maurice
  8326 | D:7      | Reached skill level 11 in Earth Magic
  8402 | D:7      | Reached skill level 5 in Conjurations
  8406 | D:7      | Reached XP level 10. HP: 48/50 MP: 16/22
  8735 | D:7      | Noticed Maggie
  9090 | D:7      | Noticed Prince Ribbit
  9093 | D:7      | Killed Prince Ribbit
  9913 | D:8      | Noticed Grum
 10404 | D:8      | Noticed a two-headed ogre
 10417 | D:8      | Killed a two-headed ogre
 10418 | D:8      | Reached skill level 12 in Earth Magic
 10653 | D:8      | Killed Grum
 10690 | D:8      | Found an ornate altar of the Wu Jian Council.
 10883 | D:8      | Noticed a two-headed ogre
 10914 | D:8      | Killed a two-headed ogre
 10915 | D:8      | Reached skill level 10 in Spellcasting
 11187 | D:8      | Found an ancient bone altar of Kikubaaqudgha.
 11191 | D:8      | Found a shimmering blue altar of Sif Muna.
 11194 | D:8      | Found an opulent altar of Gozag.
 11198 | D:8      | Became a worshipper of Gozag Ym Sagoz the Greedy
 11371 | D:9      | Reached XP level 11. HP: 54/54 MP: 25/25
 11613 | D:9      | Found a staircase to the Lair.
 11831 | D:9      | Reached skill level 13 in Earth Magic
 11925 | D:9      | Found a snail-covered altar of Cheibriados.
 12458 | D:9      | Got the Tractate on the Overhead Fair Folk
 12525 | D:9      | Found a glowing silver altar of Zin.
 12760 | D:10     | Entered Level 10 of the Dungeon
 13100 | D:10     | Found a staircase to the Orcish Mines.
 13509 | D:10     | Noticed a two-headed ogre
 13512 | D:10     | Killed a two-headed ogre
 13679 | D:10     | Noticed an orc knight
 13682 | D:10     | Noticed a two-headed ogre
 13682 | D:10     | Demolished by a two-headed ogre

Illustrated notes

Levels and vault maps discovered:
D:1:      dpeg_arrival_ternary, layout_basic, shapermc_ecumenical_altar_ellora
D:2:      minmay_general_purpose_star, layout_basic, uniq_crazy_yiuf_cottage
D:3:      layout_basic, glass_columns_c
D:4:      layout_loops_ring, minmay_temple_entry_ruins, uniq_robin,
          uniq_menkaure
D:5:      layout_cave_pools
D:6:      cheibrodos_fzero, layout_gridville, gup_sewer_entry_pipe
D:7:      layout_loops_ring, uniq_maurice, uniq_prince_ribbit1, uniq_maggie
D:8:      kennysheep_blocky_hall, layout_basic,
          mainiacjoe_overflow_tiny_flanked, grunt_temple_overflow_diamond,
          nicolae_elevator_lobby_asterisk, uniq_grum
D:9:      layout_loops_ring, slow_altar_2, mainiacjoe_overflow_cross_hatched,
          grunt_lair_entry_orc_guard_hut, roderic_serpentine_path,
          chequers_serial_rivers_micro_a
D:10:     layout_loops_ring, david_orc_1_choice, nicolae_doodle_vault
Temple:   regret_index_temple_sphere_string

Skill      XL: |  1  2  3  4  5  6  7  8  9 10 11 |
---------------+----------------------------------+-----
Earth Magic    | 4 5 6 7 8 9 11 12 13 | 13.8
Spellcasting   | 3 4 5 6 7 8 10 11 | 11.4
Conjurations   | 2 5 7 9 |  9.3
Short Blades   | |  0.7
Throwing       | |  0.6
Dodging        | |  1.7
Stealth        | |  2.1

Action                     |  1- 3 |  4- 6 |  7- 9 | 10-12 || total
---------------------------+-------+-------+-------+-------++-------
  Melee: Unarmed           |     1 |       |       |       ||     1
         Dagger            |       |    12 |    20 |     2 ||    34
  Throw: Dart              |       |       |     3 |       ||     3
   Cast: Sandblast         |    48 |    74 |    56 |       ||   178
         Stone Arrow       |       |       |   116 |   217 ||   333
         Brom's Barrelling |       |       |       |    17 ||    17
         Petrify           |       |       |       |     4 ||     4
         Passwall          |       |       |       |     5 ||     5
  Evoke: Wand              |       |       |     4 |     1 ||     5
    Use: Potion            |     2 |     1 |     2 |     1 ||     6
         Scroll            |       |     4 |    10 |     6 ||    20
 Armour: Robe              |    20 |    30 |    71 |    59 ||   180
  Dodge: Dodged            |    22 |    23 |    57 |    53 ||   155
